 Dungeon Crawl Stone Soup version 0.21.1-1-g345015f (webtiles) character file.

28886 Kuinu the Arsonist (level 13, -5/86 HPs)
             Began as a Pale Draconian Fire Elementalist on July 20, 2018.
             Was a High Priest of Vehumet.
             Slain by a spiny frog (14 damage)
             ... on level 1 of the Lair of Beasts.
             The game lasted 02:24:22 (21472 turns).

Kuinu the Arsonist (DrFE)                          Turns: 21472, Time: 02:24:27

Health: -5/86      AC: 13    Str: 12    XL:     13   Next: 12%
Magic:  20/34      EV: 16    Int: 21    God:    Vehumet [*****.]
Gold:   866        SH:  3    Dex: 12    Spells: 5/34 levels left

rFire    . . .     SeeInvis .   s - +2 quarterstaff (protect)
rCold    . . .     Gourm    .   (shield currently unavailable)
rNeg     . . .     Faith    .   (armour unavailable)
rPois    .         Spirit   .   D - +2 hat {MR+}
rElec    .         Reflect  +   (no cloak)
rCorr    .         Harm     .   y - +2 pair of gloves
MR       +....     Clarity  +   (no boots)
Stlth    ++++......             C - +3 amulet of reflection
HPRegen  0.24/turn              l - ring of wizardry
MPRegen  0.24/turn              n - ring of magical power

@: no status effects
A: breathe steam, unfitting armour, hooves 1, clarity, clever 1, low mp 1,
cold-blooded, AC +8
a: Breathe Steam, Renounce Religion


You were on level 1 of the Lair of Beasts.
You worshipped Vehumet.
Vehumet was extremely pleased with you.
You were not hungry.

You visited 2 branches of the dungeon, and saw 14 of its levels.
You also visited: Ossuary.

You collected 866 gold pieces.

Inventory:

Hand Weapons
 k - a +2 dagger of venom
 s - a +2 quarterstaff of protection (weapon)
 G - a +4 short sword of draining
 S - a +3 dagger
Missiles
 M - 6 silver tomahawks (quivered)
Armour
 y - a +2 pair of gloves (worn)
 B - a +0 pair of gloves
 D - a +2 hat of magic resistance (worn)
 W - the -6 pair of gloves "Daypuho" {rPois}
   (You found it on level 12 of the Dungeon)

   It protects you from poison.
Jewellery
 e - an uncursed amulet of faith
 l - a ring of wizardry (left hand)
 n - a ring of magical power (right hand)
 t - a +4 ring of evasion
 C - a +3 amulet of reflection (around neck)
 T - an uncursed ring of positive energy
 V - an uncursed ring of protection from cold
Wands
 o - a wand of digging (3)
 w - a wand of enslavement (16)
Scrolls
 f - 5 scrolls of magic mapping
 h - 4 scrolls of silence {unknown}
 p - 8 scrolls of enchant armour
 r - 4 scrolls of blinking {unknown}
 A - 2 scrolls of immolation {unknown}
 E - 6 scrolls of remove curse
 F - 2 scrolls of noise {unknown}
 J - 5 scrolls of amnesia {unknown}
 U - 2 scrolls of teleportation
 X - a scroll of brand weapon {unknown}
Potions
 c - 3 potions of heal wounds {unknown}
 i - 4 potions of might
 q - a potion of cancellation
 u - a potion of degeneration {unknown}
 v - 2 potions of mutation
 H - 3 potions of curing
 I - a potion of berserk rage
 K - a potion of lignification
 L - a potion of brilliance {unknown}
 O - a potion of haste {unknown}
Books
 a - a book of Flames

   Spells                             Type                      Level
   a - Flame Tongue                   Conjuration/Fire             1
   b - Throw Flame                    Conjuration/Fire             2
   c - Conjure Flame                  Conjuration/Fire             3
   d - Inner Flame                    Hexes/Fire                   3
   e - Sticky Flame                   Conjuration/Fire             4
   f - Fireball                       Conjuration/Fire             5
 g - a book of Cantrips

   Spells                             Type                      Level
   a - Confusing Touch                Hexes                        1
   b - Animate Skeleton               Necromancy                   1
   c - Summon Small Mammal            Summoning                    1
   d - Apportation                    Translocation                1
 m - a book of Minor Magic

   Spells                             Type                      Level
   a - Magic Dart                     Conjuration                  1
   b - Blink                          Translocation                2
   c - Call Imp                       Summoning                    2
   d - Slow                           Hexes                        2
   e - Conjure Flame                  Conjuration/Fire             3
   f - Mephitic Cloud                 Conjuration/Poison/Air       3
 z - a book of Conjurations

   Spells                             Type                      Level
   a - Magic Dart                     Conjuration                  1
   b - Searing Ray                    Conjuration                  2
   c - Dazzling Spray                 Conjuration/Hexes            3
   d - Fulminant Prism                Conjuration/Hexes            4
   e - Force Lance                    Conjuration/Translocation    4
   f - Iskenderun's Mystic Blast      Conjuration                  4
Miscellaneous
 Q - a sack of spiders
Comestibles
 b - 6 rations
 d - 2 chunks of flesh


   Skills:
 + Level 8.1 Dodging
 + Level 8.8 Stealth
 * Level 11.2 Spellcasting
 + Level 8.8 Conjurations
 * Level 13.2 Fire Magic


You had 5 spell levels left.
You knew the following spells:

 Your Spells              Type           Power        Failure   Level  Hunger
a - Flame Tongue          Conj/Fire      #####        1%          1    None
b - Throw Flame           Conj/Fire      ######       1%          2    None
c - Conjure Flame         Conj/Fire      ######..     1%          3    None
d - Sticky Flame          Conj/Fire      ######..     1%          4    #......
e - Fireball              Conj/Fire      ######....   1%          5    ####...
f - Inner Flame           Hex/Fire       #####...     1%          3    None
g - Magic Dart            Conj           ####         1%          1    None
h - Blink                 Tloc           N/A          3%          2    None
i - Slow                  Hex            ##......     3%          2    None
j - Searing Ray           Conj           #####.       1%          2    None
k - Iskenderun's Mystic   Conj           #####...     1%          4    #......


Dungeon Overview and Level Annotations

Branches:
Dungeon (12/15)            Temple (0/1) D:6            Lair (2/6) D:9
    Orc (0/2) D:12
  Swamp: Lair:2-4    Shoals: Lair:2-4     Snake: Lair:2-4    Spider: Lair:2-4

Altars:
Cheibriados
Dithmenos
Fedhas
Gozag
Hepliaklqana
Makhleb
Nemelex Xobeh
Qazlal
Trog
Vehumet
Zin

Shops:
D:4 (   D:12 (

Annotations:
D:3 Sigmund
Lair:2 nicolaieve's ghost, journeyman MiBe


Innate Abilities, Weirdness & Mutations

You can breathe blasts of scalding, opaque steam.
Your pale cyan-grey scales are hard. (AC +8)
You cannot fit into any form of body armour.
You are cold-blooded and may be slowed by cold attacks.
You have large cloven feet.
You possess an exceptional clarity of mind.
Your mind is acute. (Int +2)
Your magical capacity is low. (-10% MP)


Message History

You see here a runed golden ring.
Found a stone staircase leading down.
Found a stone staircase leading up.
Nicolaieve's ghost hits you.
* * * LOW HITPOINT WARNING * * *
There is a stone staircase leading up here.
Casting: Flame Tongue
Confirm with . or Enter, or press ? or * to list all spells.
Aiming: Flame Tongue
Press: ? - help, Shift-Dir - straight line, f - nicolaieve's ghost
Aim: nicolaieve's ghost (moderately damaged)
Okay, then.
You can't go down here!
The scorpion barely misses you. Nicolaieve's ghost hits you!
* * * LOW HITPOINT WARNING * * *
You climb upwards.
A spiny frog comes into view.
The spiny frog croaks.
The spiny frog stings you!
You die...

.................................
########..#############.###..P.##
# #...############## #..####
########..##.##.##.##.#####..P###
.............................รท...
.......................[.........
.....................###.####.###
.....................# ### ### #
...............F@....############
.................s...............
.................................
####..###.P......................
.......................<.........
.................................
##.#################P##########.#
### ### ###


You could see a spiny frog and a scorpion.

Vanquished Creatures
  Gastronok (D:9)
  2 hydras
  Erica (D:9)
  6 two-headed ogres
  Sonja (Lair:1)
  3 skeletal warriors (D:11)
  A sixfirhy (D:10)
  An ugly thing (D:9)
  A cyclops (D:12)
  3 spiny frogs
  2 komodo dragons
  3 trolls
  2 hornets (D:9)
  Prince Ribbit (D:6)
  4 slime creatures (D:12)
  3 blink frogs (Lair:1)
  2 hippogriffs
  2 meliai zombies (D:12)
  A basilisk (D:12)
  23 yaks
  A wyvern (D:12)
  5 hungry ghosts
  2 wargs (D:9)
  12 porcupines
  2 water moccasins (Lair:1)
  A black bear (D:10)
  3 ice beasts
  10 orc warriors
  4 sky beasts
  3 phantoms
  An eye of draining (D:9)
  A necrophage (D:9)
  4 ogres
  4 wolves (Lair:1)
  6 centaurs
  2 crocodiles
  3 big kobolds
  A gnoll sergeant (D:11)
  10 bullfrogs
  2 water moccasin zombies (Ossuary)
  9 scorpions
  4 wights (D:10)
  5 killer bees (D:6)
  2 howler monkeys (D:9)
  A bullfrog zombie (D:5)
  2 crimson imps
  2 centaur zombies
  A quasit (D:7)
  A bullfrog skeleton (D:10)
  4 hounds
  8 orc priests
  3 jellies
  8 orc wizards
  2 centaur skeletons
  3 iguanas
  9 worker ants
  3 big kobold zombies (Ossuary)
  3 hound zombies
  2 mummies (Ossuary)
  Robin (D:4)
  A worker ant zombie (D:6)
  7 gnolls
  9 adders
  4 shadow imps
  2 adder zombies (Ossuary)
  3 adder skeletons
  4 leopard geckos
  32 orcs
  5 gnoll zombies (Ossuary)
  13 goblins
  10 hobgoblins
  3 jackals (D:7)
  6 quokkas
  13 bats
  10 frilled lizards
  3 hobgoblin zombies (Ossuary)
  17 kobolds
  5 kobold zombies (Ossuary)
  6 orc zombies (Ossuary)
  2 quokka skeletons
  5 rats
  A fungus (D:4)
374 creatures vanquished.

Vanquished Creatures (others)
  A wolf (Lair:1)
  A centaur (D:12)
  An orc wizard (D:7)
  7 fungi
  4 plants
14 creatures vanquished.

Grand Total: 388 creatures vanquished

Notes
Turn   | Place    | Note
-------+----------+-------------------------------------------
     0 | D:1      | Kuinu the Draconian Fire Elementalist began the quest for the Orb.
     0 | D:1      | Reached XP level 1. HP: 14/14 MP: 3/3
   557 | D:1      | Reached XP level 2. HP: 20/20 MP: 3/5
   561 | D:1      | Learned a level 2 spell: Throw Flame
  1127 | D:2      | Found a radiant altar of Vehumet.
  1160 | D:2      | Became a worshipper of Vehumet
  1319 | D:2      | Reached XP level 3. HP: 26/26 MP: 0/6
  1335 | D:2      | Learned a level 3 spell: Conjure Flame
  2094 | D:3      | Noticed Sigmund
  2195 | D:4      | Noticed a scorpion
  2209 | D:4      | Killed a scorpion
  2209 | D:4      | Reached XP level 4. HP: 30/33 MP: 8/8
  2781 | D:4      | Noticed Robin
  2850 | D:4      | Found Opnytouf's Weapon Emporium.
  2852 | D:4      | Killed Robin
  2852 | D:4      | Reached XP level 5. HP: 38/38 MP: 0/9
  3055 | D:4      | Reached skill level 4 in Fire Magic
  3560 | D:4      | Learned a level 4 spell: Sticky Flame
  3597 | D:4      | Reached * piety under Vehumet
  3597 | D:4      | Offered knowledge of Sandblast by Vehumet.
  3731 | D:4      | Reached XP level 6. HP: 31/45 MP: 6/11
  3839 | D:4      | Found the +7 Singing Sword
  3959 | D:4      | Found a shadowy altar of Dithmenos.
  4209 | D:5      | Entered Level 5 of the Dungeon
  4210 | D:5      | Noticed an orc warrior
  4223 | D:5      | Killed an orc warrior
  4223 | D:5      | Reached skill level 5 in Fire Magic
  4223 | D:5      | Your scales start taking on a pale cyan-grey colour.
  4223 | D:5      | Reached XP level 7. HP: 50/50 MP: 9/13
  4875 | D:5      | Reached skill level 6 in Fire Magic
  4879 | D:5      | Reached ** piety under Vehumet
  5056 | D:5      | Offered knowledge of Throw Frost by Vehumet.
  5330 | D:5      | Found an opulent altar of Gozag.
  5512 | D:5      | Reached XP level 8. HP: 55/57 MP: 2/15
  6019 | D:6      | Reached skill level 5 in Spellcasting
  6731 | D:6      | Offered knowledge of Stone Arrow by Vehumet.
  6969 | D:6      | Found a staircase to the Ecumenical Temple.
  7238 | D:6      | Noticed Prince Ribbit
  7428 | D:6      | Reached skill level 7 in Fire Magic
  7524 | D:6      | Killed Prince Ribbit
  7768 | D:7      | Reached *** piety under Vehumet
  7982 | D:7      | Learned a level 5 spell: Fireball
  7986 | D:7      | Learned a level 3 spell: Inner Flame
  8010 | D:7      | Reached XP level 9. HP: 61/62 MP: 6/18
  8478 | D:7      | Offered knowledge of Ignite Poison by Vehumet.
  8578 | D:7      | Found a stormy altar of Qazlal.
  8957 | D:7      | Learned a level 1 spell: Magic Dart
  8986 | D:7      | Reached skill level 8 in Fire Magic
  9192 | D:7      | Reached skill level 5 in Stealth
  9464 | D:8      | Noticed a two-headed ogre
  9472 | D:8      | Killed a two-headed ogre
  9472 | D:8      | Reached skill level 5 in Dodging
  9472 | D:8      | Reached skill level 5 in Conjurations
  9564 | D:8      | Reached **** piety under Vehumet
  9767 | D:8      | Noticed a two-headed ogre
  9780 | D:8      | Found a bloodstained altar of Trog.
  9805 | D:8      | Found a sand-covered staircase.
  9814 | Ossuary  | Entered an ossuary
  9819 | Ossuary  | Offered knowledge of Irradiate by Vehumet.
  9946 | Ossuary  | Reached skill level 9 in Fire Magic
 10627 | D:8      | Noticed a two-headed ogre
 10642 | D:8      | Killed a two-headed ogre
 10642 | D:8      | Reached XP level 10. HP: 69/69 MP: 15/21
 10769 | D:8      | Killed a two-headed ogre
 11460 | D:9      | Reached skill level 10 in Fire Magic
 11545 | D:9      | Found a blossoming altar of Fedhas.
 11857 | D:9      | Noticed a brown ugly thing
 11883 | D:9      | Killed a brown ugly thing
 11937 | D:9      | Noticed a two-headed ogre
 11942 | D:9      | Killed a two-headed ogre
 11942 | D:9      | Reached XP level 11. HP: 74/74 MP: 23/23
 11945 | D:9      | Reached ***** piety under Vehumet
 11945 | D:9      | Offered knowledge of Airstrike by Vehumet.
 11949 | D:9      | Learned a level 2 spell: Blink
 12017 | D:9      | Noticed Gastronok
 12037 | D:9      | Killed Gastronok
 12214 | D:9      | Noticed a two-headed ogre
 12229 | D:9      | Killed a two-headed ogre
 12229 | D:9      | Reached skill level 11 in Fire Magic
 12345 | D:9      | Found a staircase to the Lair.
 12674 | D:9      | Found a hazy altar of Hepliaklqana.
 12762 | D:9      | Found a sparkling altar of Nemelex Xobeh.
 12785 | D:9      | Found a shadowy altar of Dithmenos.
 13015 | D:9      | Found a snail-covered altar of Cheibriados.
 13015 | D:9      | Found a burning altar of Makhleb.
 13015 | D:9      | Found a glowing silver altar of Zin.
 13015 | D:9      | Noticed Erica
 13040 | D:9      | Killed Erica
 13352 | D:10     | Entered Level 10 of the Dungeon
 14095 | D:10     | Found a runed door.
 14095 | D:10     | Noticed a sixfirhy
 14134 | D:10     | Killed a sixfirhy
 14586 | D:11     | Noticed a two-headed ogre
 14626 | D:11     | Killed a two-headed ogre
 14656 | D:11     | Reached XP level 12. HP: 61/81 MP: 6/25
 14772 | D:11     | Reached skill level 10 in Spellcasting
 15329 | D:11     | Reached skill level 12 in Fire Magic
 16104 | D:11     | Noticed a five-headed hydra
 16111 | D:11     | Killed a five-headed hydra
 16650 | D:12     | Found Oshry's Weapon Shop.
 16651 | D:12     | Found a staircase to the Orcish Mines.
 17332 | D:12     | Noticed a four-headed hydra
 17627 | D:12     | Killed a four-headed hydra
 18183 | D:12     | Got a pair of smoking gloves
 18194 | D:12     | Identified the -6 pair of gloves "Daypuho" {rPois} (You found it on level 12 of the Dungeon)
 18526 | D:12     | Gained mutation: Your magical capacity is low. (-10% MP) [potion of mutation]
 18526 | D:12     | Gained mutation: You have large cloven feet. [potion of mutation]
 18526 | D:12     | Gained mutation: You possess an exceptional clarity of mind. [potion of mutation]
 18526 | D:12     | Gained mutation: Your mind is acute. (Int +2) [potion of mutation]
 19455 | D:12     | Learned a level 2 spell: Slow
 19571 | Lair:1   | Entered Level 1 of the Lair of Beasts
 19843 | Lair:1   | Learned a level 2 spell: Searing Ray
 19848 | Lair:1   | Learned a level 4 spell: Iskenderun's Mystic Blast
 19859 | Lair:1   | Found a dark tunnel.
 20058 | Lair:1   | Noticed Sonja
 20092 | Lair:1   | Killed Sonja
 20092 | Lair:1   | Reached skill level 13 in Fire Magic
 20660 | Lair:1   | Reached XP level 13. HP: 86/86 MP: 25/25
 20741 | Lair:1   | Offered knowledge of Conjure Ball Lightning by Vehumet.
 21419 | Lair:2   | Noticed nicolaieve's ghost (journeyman MiBe)
 21472 | Lair:1   | Slain by a spiny frog

Skill      XL: |  1  2  3  4  5  6  7  8  9 10 11 12 |
---------------+-------------------------------------+-----
Dodging        | 2 3 4 5 6 7 8 |  8.1
Stealth        | 2 3 4 5 6 7 8 |  8.8
Spellcasting   | 3 4 6 7 8 9 11 | 11.2
Conjurations   | 2 3 4 5 6 7 8 |  8.8
Fire Magic     | 4 5 6 7 9 10 11 13 | 13.2

Action                   |  1- 3 |  4- 6 |  7- 9 | 10-12 | 13-15 || total
-------------------------+-------+-------+-------+-------+-------++-------
Melee: Dagger            |     7 |    15 |       |       |       ||    22
       Tailslap          |       |     4 |     2 |     4 |       ||    10
       Quarterstaff      |       |       |    17 |    27 |     1 ||    45
 Cast: Flame Tongue      |    40 |    79 |   294 |   488 |    56 ||   957
       Throw Flame       |     4 |    19 |   108 |   116 |     5 ||   252
       Conjure Flame     |       |     6 |    41 |    61 |     1 ||   109
       Sticky Flame      |       |     4 |     4 |    56 |    14 ||    78
       Fireball          |       |       |     6 |     9 |       ||    15
       Magic Dart        |       |       |     5 |    19 |       ||    24
       Blink             |       |       |       |    19 |     3 ||    22
       Inner Flame       |       |       |       |     1 |       ||     1
Evoke: Wand              |       |       |       |     4 |       ||     4
  Use: Scroll            |     2 |     4 |     4 |     2 |     3 ||    15
       Potion            |       |     2 |       |     7 |       ||     9
  Eat: Chunk             |     3 |     2 |     5 |     7 |     1 ||    18
       Ration            |     1 |     2 |     5 |    10 |       ||    18
Armor: Skin              |     4 |    10 |    20 |    58 |     4 ||    96
Dodge: Dodged            |     7 |    36 |    59 |   152 |    12 ||   266
Block: Other             |       |       |       |    26 |     3 ||    29
       Reflection        |       |       |       |     3 |       ||     3
